 Dungeon Crawl Stone Soup version 0.24-a0-375-g4de66ed42b (console) character file.

Game seed: 9315886409941949203

20972 Dragon00 the Severer (level 12, -2/166 HPs)
             Began as a Minotaur Berserker on May 29, 2019.
             Was an Elder of Trog.
             Slain by a golden dragon skeleton (9 damage)
             ... on level 1 of the Abyss on May 31, 2019.
             The game lasted 01:10:50 (13112 turns).

Dragon00 the Severer (Minotaur Berserker)          Turns: 13112, Time: 01:10:50

Health: -2/166     AC: 16    Str: 30    XL:     12   Next: 50%
Magic:  11/11      EV: 14    Int:  4    God:    Trog [****..]
Gold:   881        SH:  0    Dex: 15    Spells: 11/11 levels left

rFire    . . .     SeeInvis .   a - +3 battleaxe (freeze)
rCold    . . .     Gourm    .   (shield currently unavailable)
rNeg     . . .     Faith    .   J - +0 plate armour
rPois    .         Spirit   .   (helmet restricted)
rElec    .         Reflect  .   (no cloak)
rCorr    .         Harm     .   F - +0 pair of gloves
MR       .....                  (no boots)
Stlth    ..........             (no amulet)
HPRegen  0.37/turn              p - +3 ring of strength
MPRegen  0.12/turn              (no ring)

@: berserking, about to teleport, very slightly contaminated, very quick
A: retaliatory headbutt, horns 2
a: Berserk, Trog's Hand, Brothers in Arms, Renounce Religion


You were on level 1 of the Abyss.
You worshipped Trog.
Trog was greatly pleased with you.
You were not hungry.

You visited 3 branches of the dungeon, and saw 14 of its levels.
You visited the Abyss 1 time.

You collected 881 gold pieces.

Inventory:

Hand Weapons
 a - a +3 battleaxe of freezing (weapon)
 b - a +0 hunting sling of freezing
 L - a +3 flail of holy wrath
Missiles
 m - 386 stones
 x - 92 sling bullets
 B - 5 silver boomerangs (quivered)
 M - 2 throwing nets
 N - 5 boomerangs
Armour
 o - a +1 ring mail of magic resistance
 r - a +3 ring mail of cold resistance
 F - a +0 pair of gloves (worn)
 J - a +0 plate armour (worn)
Jewellery
 h - an uncursed ring of protection from cold {unknown}
 p - a +3 ring of strength (left hand)
Wands
 j - a wand of acid (9)
 q - a wand of flame (47)
 H - a wand of disintegration (24)
 I - a wand of polymorph (18)
 O - a wand of iceblast (4)
Scrolls
 e - 2 scrolls of teleportation
 f - 4 scrolls of remove curse
 i - 2 scrolls of magic mapping
 l - 3 scrolls of fear
 y - 5 scrolls of enchant weapon
 E - a scroll of enchant armour
 K - a scroll of blinking
Potions
 d - 2 potions of haste
 g - 2 potions of brilliance
 n - 2 potions of lignification
 s - 4 potions of resistance
 t - a potion of agility
 u - a potion of curing
 v - 2 potions of flight {unknown}
 w - a potion of ambrosia {unknown}
 z - a potion of invisibility {unknown}
 A - a potion of berserk rage {unknown}
 C - 2 potions of mutation {unknown}
 D - 2 potions of might
Comestibles
 c - 28 rations


   Skills:
 + Level 11.7 Fighting
 * Level 15.3 Axes
 + Level 11.4 Armour
 + Level 10.6 Dodging


You had 11 spell levels left.
You didn't know any spells.
Your spell library was empty.

Dungeon Overview and Level Annotations

Branches:
Dungeon (11/15)            Temple (1/1) D:6            Lair (2/6) D:11
    Orc (0/2) D:9
  Swamp: Lair:2-4    Shoals: Lair:2-4     Snake: Lair:2-4    Spider: Lair:2-4

Altars:
Ashenzari
Cheibriados
Dithmenos
Elyvilon
Fedhas
Gozag
Hepliaklqana
Kikubaaqudgha
Makhleb
Nemelex Xobeh
Okawaru
Qazlal
Ru
Sif Muna
Trog
Uskayaw
Vehumet
Wu Jian
Xom
Yredelemnul
Zin
The Shining One

Shops:
D:9 [   D:10 =

Annotations:
D:8 2 transporters, pentaxis93's ghost, novice DEFE
Lair:1 Sonja


Innate Abilities, Weirdness & Mutations

You reflexively headbutt those who attack you in melee.
You have a pair of horns on your head.


Message History

You closely miss the ynoxinul.
The ynoxinul is almost dead.
The ynoxinul gestures.
You closely miss the ufetubus. Your headbutt misses the ufetubus.
You slice the ynoxinul!! You freeze the ynoxinul.
You feel the power of Trog in you as your rage grows.
You kill the ynoxinul!
Trog accepts your kill.
The ufetubus disappears in a puff of smoke! x3
You hit the large abomination. You freeze the large abomination.
The large abomination hits you!
* * * LOW HITPOINT WARNING * * *
You open the large abomination like a pillowcase!!!
You freeze the large abomination.
You destroy the large abomination!
Trog accepts your kill. The golden dragon skeleton bites you!!
* * * LOW HITPOINT WARNING * * *
The golden dragon skeleton claws you.
* * * LOW HITPOINT WARNING * * *
The golden dragon skeleton tramples you!
You die...

▓. ▓[. . .▓.▓
.▓▓▓... . .....
.§▓ ▓▓▓.▓.▓ ▓▓
▓..▓▓..▓▓.▓ ▓..▓
........▓▓..▓
▓..▓.§$%▓...
▓..@Z....▓ ▓▓
▓..▓§▓...▓▓ ▓.
........▓....▓ ..
▓.▓....▓...▓...▓5▓
▓▓.▓.▓. ▓.▓▓ .▓▓.5
....▓▓. .. ▓..▓▓
.▓... ▓▓ ▓.▓▓▓..
(... ... ... . ▓▓.
▓▓▓.▓ ▓▓. ..▓▓ .
▓.▓..


You could see a golden dragon skeleton.

Vanquished Creatures
  A tentacled starspawn (Abyss:1)
  Gastronok (Lair:1)
  Snorg (D:11)
  2 hydras
  Erica (Lair:2)
  A two-headed ogre (D:11)
  The ghost of JellyEater the Geomancer, a novice GrEE of Vehumet (D:9)
  Nergalle (D:10)
  3 unseen horrors
  A manticore (D:9)
  The ghost of anet the Ducker, a novice DEWz of Ashenzari (D:5)
  Joseph (D:8)
  An ancient zyme (Abyss:1)
  A hornet (D:9)
  A troll (D:9)
  4 hippogriffs
  2 ynoxinuls (Abyss:1)
  Sigmund (D:5)
  11 yaks
  A basilisk (D:11)
  2 hungry ghosts
  3 large abominations (Abyss:1)
  A water moccasin (D:8)
  6 porcupines
  A phantom (D:10)
  4 orc warriors (D:9)
  6 sky beasts
  5 black bears
  7 ogres
  3 wolves (Lair:1)
  6 centaurs
  2 crocodiles (D:11)
  6 bullfrogs
  A big kobold (D:10)
  A scorpion (D:11)
  9 wights
  An electric eel (Lair:1)
  2 howler monkeys (D:9)
  8 crimson imps
  2 centaur zombies
  4 orc priests
  11 hounds
  A jelly (D:8)
  3 bullfrog skeletons
  2 iguanas
  Jessica (D:3)
  10 orc wizards
  6 worker ants
  3 hound zombies
  2 worker ant zombies (D:11)
  8 gnolls
  8 adders
  A shadow imp (D:8)
  An ufetubus (Abyss:1)
  An ooze (D:3)
  3 worms
  A dart slug (D:3)
  5 leopard geckos
  28 orcs
  9 bats
  7 giant cockroaches
  7 goblins
  10 hobgoblins
  9 jackals
  10 kobolds
  7 quokkas
  7 frilled lizards
  A jackal skeleton (D:5)
  A quokka skeleton (D:4)
  A quokka zombie (D:8)
  7 rats
  A bush (Temple)
  A starspawn tentacle (Abyss:1)
290 creatures vanquished.

Vanquished Creatures (others)
  A starspawn tentacle (Abyss:1)
1 creature vanquished.

Grand Total: 291 creatures vanquished

Notes
Turn   | Place    | Note
-------+----------+-------------------------------------------
     0 | D:1      | Dragon00 the Minotaur Berserker began the quest for the
                  | Orb.
     0 | D:1      | Reached XP level 1. HP: 19/19 MP: 0/0
   300 | D:1      | Reached XP level 2. HP: 20/27 MP: 1/1
   414 | D:1      | Reached skill level 4 in Axes
   563 | D:1      | Reached XP level 3. HP: 33/33 MP: 2/2
   778 | D:1      | Reached ** piety under Trog
  1394 | D:2      | Reached XP level 4. HP: 40/40 MP: 3/3
  1402 | D:2      | Found a glowing silver altar of Zin.
  1412 | D:2      | Found an iron altar of Okawaru.
  1777 | D:2      | Reached skill level 5 in Axes
  1846 | D:2      | Reached XP level 5. HP: 46/47 MP: 4/4
  1864 | D:2      | Found a shadowy altar of Dithmenos.
  2595 | D:3      | Noticed Jessica
  2599 | D:3      | Killed Jessica
  2599 | D:3      | Reached skill level 5 in Fighting
  2599 | D:3      | Reached XP level 6. HP: 56/56 MP: 5/5
  2814 | D:4      | Reached *** piety under Trog
  2840 | D:4      | Reached skill level 6 in Axes
  2958 | D:4      | Killed an unseen horror
  2958 | D:4      | Reached skill level 7 in Axes
  2958 | D:4      | Reached skill level 5 in Armour
  2958 | D:4      | Reached skill level 5 in Dodging
  2958 | D:4      | Reached XP level 7. HP: 10/63 MP: 6/6
  2958 | D:4      | Reached XP level 8. HP: 11/70 MP: 7/7
  3356 | D:4      | Reached skill level 8 in Axes
  3797 | D:5      | Entered Level 5 of the Dungeon
  4114 | D:5      | Noticed anet's ghost (novice DEWz)
  4278 | D:5      | Reached skill level 9 in Axes
  4289 | D:5      | Noticed Sigmund
  4297 | D:5      | Killed Sigmund
  4321 | D:5      | Found a runed translucent door.
  4992 | D:5      | Killed anet's ghost
  4992 | D:5      | Reached XP level 9. HP: 79/79 MP: 8/8
  5083 | D:6      | Reached skill level 10 in Axes
  5255 | D:6      | Found a staircase to the Ecumenical Temple.
  5264 | Temple   | Entered the Ecumenical Temple
  5540 | D:6      | Found a white marble altar of Elyvilon.
  5763 | D:6      | Found a white marble altar of Elyvilon.
  5890 | D:6      | Reached **** piety under Trog
  6758 | D:7      | Reached skill level 11 in Axes
  6768 | D:7      | Found an ornate altar of the Wu Jian Council.
  6877 | D:8      | Noticed Joseph
  6885 | D:8      | Killed Joseph
  6889 | D:8      | Reached XP level 10. HP: 79/90 MP: 9/9
  7427 | D:8      | Found a radiant altar of Vehumet.
  7464 | D:8      | Found a transporter.
  7464 | D:8      | Found a transporter.
  7468 | D:8      | Noticed pentaxis93's ghost (novice DEFE)
  7473 | D:8      | Noticed a two-headed ogre
  7674 | D:8      | Found a blossoming altar of Fedhas.
  8111 | D:9      | Upgraded the game from 0.24-a0-368-g0e0cebd0f3 to
                  | 0.24-a0-375-g4de66ed42b
  8350 | D:9      | Noticed a manticore
  8368 | D:9      | Found the cursed +13 scythe of Curses {drain, *Curse}
  8373 | D:9      | HP: 2/91 [barbs]
  8819 | D:9      | Found a runed translucent door.
  8819 | D:9      | Noticed JellyEater's ghost (novice GrEE)
  8843 | D:9      | Found Beigefuc's Armour Shoppe.
  8865 | D:9      | Found a staircase to the Orcish Mines.
  9009 | D:9      | Reached skill level 12 in Axes
  9155 | D:9      | Found a sparkling altar of Nemelex Xobeh.
  9204 | D:9      | Killed a manticore
  9669 | D:9      | Paralysed by a hornet for 1 turns
  9671 | D:9      | Killed JellyEater's ghost
  9822 | D:10     | Entered Level 10 of the Dungeon
  9822 | D:10     | Found Goagag's Jewellery Boutique.
  9905 | D:10     | Killed an unseen horror
 10090 | D:10     | Reached XP level 11. HP: 92/99 MP: 10/10
 10124 | D:10     | Noticed Nergalle
 10133 | D:10     | Killed Nergalle
 10133 | D:10     | Reached skill level 10 in Fighting
 10133 | D:10     | Reached skill level 13 in Axes
 10239 | D:10     | Reached ***** piety under Trog
 10454 | D:10     | Killed an unseen horror
 10684 | D:11     | Noticed Snorg
 10698 | D:11     | Killed Snorg
 10698 | D:11     | Reached skill level 10 in Armour
 10865 | D:11     | Received a gift from Trog
 11338 | D:11     | Noticed a five-headed hydra
 11348 | D:11     | Killed a five-headed hydra
 11348 | D:11     | Reached skill level 14 in Axes
 11382 | D:11     | Found a staircase to the Lair.
 11755 | D:11     | Noticed a two-headed ogre
 11760 | D:11     | Killed a two-headed ogre
 11995 | Lair:1   | Entered Level 1 of the Lair of Beasts
 12427 | Lair:1   | Reached XP level 12. HP: 102/110 MP: 11/11
 12468 | Lair:1   | Reached skill level 10 in Dodging
 12511 | Lair:1   | Noticed Sonja
 12512 | Lair:1   | Noticed Gastronok
 12545 | Lair:2   | Noticed an eight-headed hydra
 12546 | Lair:2   | Noticed Erica
 12556 | Lair:2   | Killed an eight-headed hydra
 12559 | Lair:2   | Killed Erica
 12820 | Lair:1   | Killed Gastronok
 12947 | Lair:1   | Cast into level 1 of the Abyss (Sonja)
 12947 | Abyss:1  | Found a corrupted altar of Lugonu.
 12985 | Abyss:1  | Reached skill level 15 in Axes
 13088 | Abyss:1  | Noticed a tentacled starspawn
 13096 | Abyss:1  | Killed a tentacled starspawn
 13112 | Abyss:1  | HP: 7/166 [golden dragon skeleton (2)]
 13112 | Abyss:1  | Slain by a golden dragon skeleton

Levels and vault maps discovered:
D:1:      grunt_arrival_crossed_arrows, layout_loops_ring,
          hangedman_abyss_or_decor_lesser_grid, serial_bayou_ford_a,
          chequers_serial_rivers_micro_c, st_stairs_3, minivault_5,
          minmay_nonomino_d4
D:2:      layout_loops_ring, nicolae_overflow_hidden_temple,
          grunt_temple_overflow_open, minmay_split_cup_small
D:3:      layout_rooms, uniq_jessica
D:4:      layout_rooms, hangedman_decor_slide_cut, nzn_random_ring
D:5:      layout_layer_cave, hellmonk_ghost_happy_afterlife, first_ration,
          uniq_sigmund
D:6:      layout_cave_pools, lemuel_doored_altar, minmay_temple_entry_junction,
          elyvilon_altar_4
D:7:      layout_basic, marbit_many_paths, minmay_circle_x
D:8:      layout_basic, vehumet_altar_wand_db, gammafunk_ghost_smash,
          fedhas_altar_4, uniq_joseph
D:9:      layout_irregular_city, nemelex_xobeh_ov_fountains_minmay, orc_david_3,
          ebering_ghost_inner_flame, grunt_ogre_cave, hangedman_glass_garden
D:10:     layout_roguey, serial_shops, shop_statue, uniq_nergalle
D:11:     layout_stronghold, minmay_lair_entry_grove, dk_noncrumbling_4,
          uniq_snorg
Temple:   regret_index_temple_generic_petals
Lair:1:   layout_regular_city, infiniplex_staircase_pool, uniq_gastronok,
          uniq_sonja
Lair:2:   layout_hall_layers, minivault_29, uniq_fannar, uniq_erica
Abyss:1

Skill      XL: |  1  2  3  4  5  6  7  8  9 10 11 12 |
---------------+-------------------------------------+-----
Fighting       | 4 5 6 7 8 9 11 | 11.7
Axes           | 4 5 7 9 11 12 14 15 | 15.3
Armour         | 3 4 5 6 8 9 10 11 | 11.4
Dodging        | 3 5 6 7 8 9 10 | 10.6

Action                   |  1- 3 |  4- 6 |  7- 9 | 10-12 || total
-------------------------+-------+-------+-------+-------++-------
Melee: Hand axe          |    14 |       |     8 |       ||    22
       Headbutt          |     6 |    13 |    38 |    76 ||   133
       Flail             |    41 |   103 |   156 |    63 ||   363
       Battleaxe         |       |       |       |   278 ||   278
 Fire: Hunting sling     |       |       |    46 |   100 ||   146
Throw: Boomerang         |    22 |    64 |    14 |     7 ||   107
       Stone             |       |       |    21 |     2 ||    23
Invok: Trog's Hand       |       |     2 |     5 |     9 ||    16
       Berserk           |       |     1 |     3 |     7 ||    11
  Use: Scroll            |       |    10 |     7 |    10 ||    27
       Potion            |       |       |       |     5 ||     5
  Eat: Chunk             |     2 |     5 |     8 |    19 ||    34
       Ration            |       |       |     3 |     4 ||     7
Armor: Animal skin       |     7 |       |       |       ||     7
       Ring mail         |     3 |    38 |    41 |     2 ||    84
       Plate armour      |       |       |       |   204 ||   204
Dodge: Dodged            |    41 |    66 |   105 |   236 ||   448

Table legend:
 A = Non-vault XP
 B = Vault XP
 C = Vault XP percentage of total XP
 D = Non-vault monster count
 E = Vault monster count
 F = Vault count percentage of total count
                 A         B        C        D         E       F
            +---------+---------+-------+---------+---------+-------
      Total |   18832 |   11129 |  37.1 |     228 |      60 |  20.8
            +---------+---------+-------+---------+---------+-------
        D:1 |      66 |       9 |  12.0 |      23 |       6 |  20.7
        D:2 |     106 |      15 |  12.4 |      17 |       3 |  15.0
        D:3 |     190 |      37 |  16.3 |      25 |       1 |   3.8
        D:4 |     331 |    1062 |  76.2 |      13 |      15 |  53.6
        D:5 |     677 |     684 |  50.3 |      13 |       2 |  13.3
        D:6 |     877 |       0 |   0.0 |      22 |       0 |   0.0
        D:7 |     690 |     212 |  23.5 |      10 |       4 |  28.6
        D:8 |     651 |     432 |  39.9 |      20 |       2 |   9.1
        D:9 |    1925 |    1767 |  47.9 |      19 |      11 |  36.7
       D:10 |    2935 |     812 |  21.7 |      20 |       1 |   4.8
       D:11 |    3290 |    3113 |  48.6 |      23 |      13 |  36.1
     Lair:1 |    2152 |    2089 |  49.3 |      14 |       1 |   6.7
     Lair:2 |     999 |     897 |  47.3 |       1 |       1 |  50.0
    Abyss:1 |    3943 |       0 |   0.0 |       8 |       0 |   0.0
            +---------+---------+-------+---------+---------+-------
